 Dungeon Crawl Stone Soup version 0.24.0-123-gd5b16e6ec5 (webtiles) character file.

Game seed: 10600214290700384600, levelgen mode: deterministic

76 Johnny the Digger (level 3, -9/26 HPs)
             Began as a Demigod Earth Elementalist on Jan 30, 2020.
             Mangled by an iguana (12 damage)
             ... on level 2 of the Dungeon.
             The game lasted 00:01:39 (1717 turns).

Johnny the Digger (Demigod Earth Elementalist)      Turns: 1717, Time: 00:01:40

Health: -9/26      AC:  2    Str: 11    XL:     3   Next: 89%
Magic:  3/10       EV: 12    Int: 21    God:
Gold:   103        SH:  0    Dex: 16    Spells: 6/7 levels left

rFire    . . .     SeeInvis .   (no weapon)
rCold    . . .     Gourm    .   (no shield)
rNeg     . . .     Faith    .   c - +0 robe
rPois    .         Spirit   .   (no helmet)
rElec    .         Reflect  .   (no cloak)
rCorr    .         Harm     .   (no gloves)
MR       .....                  (no boots)
Stlth    ++........             (no amulet)
HPRegen  0.08/turn              (no ring)
MPRegen  0.12/turn              (no ring)

@: no status effects
A: high mp 1
a: no special abilities


You were on level 2 of the Dungeon.
You were hungry.

You visited 1 branch of the dungeon, and saw 2 of its levels.

You collected 103 gold pieces.

Inventory:

Missiles
 b - 55 stones (quivered)
Armour
 c - a +0 robe (worn)
Jewellery
 m - an uncursed ring of flight {unknown}
Scrolls
 e - 2 scrolls of remove curse {unknown}
 f - 2 scrolls of enchant armour {unknown}
 g - a scroll of teleportation {unknown}
 h - a scroll of enchant weapon {unknown}
 j - 2 scrolls of identify {unknown}
 k - a scroll of fog {unknown}
Potions
 a - 4 potions of heal wounds {unknown}
 i - a potion of curing {unknown}
 l - a potion of berserk rage {unknown}
Comestibles
 d - a ration


   Skills:
 - Level 1.7 Dodging
 - Level 1.7 Stealth
 + Level 2.9 Spellcasting
   Level 0.8 Transmutations
 + Level 3.7 Earth Magic


You had 6 spell levels left.
You knew the following spells:

 Your Spells              Type           Power        Failure   Level  Hunger
a - Sandblast             Erth           ###...       3%          1    None

Your spell library contained the following spells:

 Spells                   Type           Power        Failure   Level  Hunger
 Passwall                 Tmut/Erth      ##......     8%          2    ##.....
 Stone Arrow              Conj/Erth      ##....       19%         3    ###....
 Petrify                  Tmut/Erth      ##......     45%         4    ####...
 Lee's Rapid Deconstruct  Erth           ###.......   63%         5    ######.


Dungeon Overview and Level Annotations

Branches:
Dungeon (2/15)


Innate Abilities, Weirdness & Mutations

You have an increased reservoir of magic. (+10% MP)


Message History

The iguana barely misses you.
Casting: Sandblast (safe; 3% risk of failure)
Confirm with . or Enter, or press ? or * to list all spells.
Aiming: Sandblast (safe; 3% risk of failure)
Press: ? - help, Shift-Dir - straight line, f/p - iguana
Aim: an iguana (severely wounded)
The blast of sand hits the iguana.
The iguana is almost dead.
b - 56 stones The iguana bites you.
* * * LOW HITPOINT WARNING * * *
Casting: Sandblast (safe; 3% risk of failure)
Confirm with . or Enter, or press ? or * to list all spells.
Aiming: Sandblast (safe; 3% risk of failure)
Press: ? - help, Shift-Dir - straight line, f/p - iguana
Aim: an iguana (almost dead)
The blast of sand misses the iguana.
b - 55 stones The iguana bites you!
You die...

#.####.#######.#
... #.# #.# .#.
#.# #.## #.# #..#
#.# ##.# #.
#....#####.###
#..####.........#
#...########.#.#
#...
#.l@.#####.#.#
..).
####.........#
#...
###....#####...#
#### ..#
##...#### #...#
...###.. #..###
#.#.#
.....##.###.##
#.#.#
#.....#..#..#
#.#.#
#.....##.#.##
#.#.#
#......#.#.###
#######.#.#


You could see an iguana.

Vanquished Creatures
  3 adders (D:2)
  A worm (D:2)
  2 dart slugs
  3 leopard geckos (D:1)
  3 bats
  A giant cockroach (D:1)
  9 goblins
  5 hobgoblins
  6 kobolds
  A quokka (D:2)
  A ball python (D:2)
  A frilled lizard (D:2)
  2 rats
38 creatures vanquished.

Notes
Turn   | Place    | Note
-------+----------+-------------------------------------------
     0 | D:1      | Johnny the Demigod Earth Elementalist began the quest for
                  | the Orb.
     0 | D:1      | Reached XP level 1. HP: 14/14 MP: 5/5
   180 | D:1      | Reached skill level 3 in Earth Magic
   218 | D:1      | Reached XP level 2. HP: 12/20 MP: 3/7
  1136 | D:2      | Reached XP level 3. HP: 26/26 MP: 6/9
  1717 | D:2      | Mangled by an iguana

Levels and vault maps discovered:
D:1:      onia_arrival_mini_spirals, layout_loops_corners
D:2:      minmay_general_purpose_star, layout_basic, nicolae_ru_path_of_blood,
          tso_altar

Skill      XL: |  1 |
---------------+----+-----
Spellcasting   | 2 |  2.9
Earth Magic    | 3 |  3.7
Dodging        | |  1.7
Stealth        | |  1.7
Transmutations | |  0.8

Action                   || total
-------------------------++-------
Melee: Unarmed           ||    55
 Cast: Sandblast         ||    54
 Stab: Sleeping          ||     3
  Eat: Chunk             ||     2
Armor: Robe              ||    15
Dodge: Dodged            ||    50
